 Dungeon Crawl Stone Soup version 0.31-a0-1321-g5021b54cb2 (webtiles) character file.

Game seed: 13879401931971413688

14776 IdlyInterested the Basher (level 11, -2/78 (80) HPs)
             Began as a Demonspawn Shapeshifter on Dec 20, 2023.
             Was an Elder of Trog.
             Shot with an arrow by a centaur (11 damage)
             ... on level 13 of the Dungeon.
             The game lasted 00:46:30 (11895 turns).

IdlyInterested the Basher (DsSh)                   Turns: 11895, Time: 00:46:30

HP:   -2/78 (80)    AC:  6    Str: 22    XL:     11   Next: 93%
MP:   0/15          EV:  6    Int: 17    God:    Trog [****..]
Gold: 434           SH: 27    Dex: 15    Spells: 10/10 levels left

rFire   . . .        y - +9 hammer of Fedhas's Approval {heavy, *Noise rElec Int+6 Stlth-}
rCold   . . .        Q - +18 shield of the Gong {Loud rN+ Will+ rCorr EV-5}
rNeg    + . .        P - +0 acid dragon scales
rPois   .            K - melded +2 hat
rElec   +            z - melded +0 cloak
rCorr   +            (gloves currently unavailable)
SInv    .            (boots currently unavailable)
Will    +....        (no amulet)
Stlth   +            S - +6 ring of strength
HPRegen 0.33/turn    R - +4 ring of slaying
MPRegen 0.28/turn

%: guardian spirit
@: beast-form, lightly drained
A: beast (slay +4), icemail 1, magic shield, magic regeneration, sturdy frame 2,
condensation shield, weakness stinger 1
a: Begin Untransformation, Renounce Religion, Berserk, Trog's Hand, Brothers in
Arms


You were on level 13 of the Dungeon.
You worshipped Trog.
Trog was greatly pleased with you.
You were a hulking beast.
You visited 2 branches of the dungeon, and saw 14 of its levels.

You collected 786 gold pieces.
You spent 352 gold pieces at shops.

Inventory:

Hand Weapons
 y - the +9 hammer of Fedhas's Approval (weapon) {heavy, *Noise rElec Int+6 Stlth-}
   (You found it on level 2 of the Dungeon)

   Int+6:     It affects your intelligence (+6).
   rElec:     It insulates you from electricity.
   *Noise:    It may make a loud noise when swung.
   Stlth-:    It makes you less stealthy.
 O - a +3 dire flail
 U - a +2 morningstar
Missiles
 l - 25 stones (quivered)
 s - 7 boomerangs
 G - 24 poisoned darts
 L - 3 atropa-tipped darts
 T - 2 curare-tipped darts
 Z - 6 javelins
Armour
 f - an orb of mayhem
 t - an orb of wrath
 z - a +0 cloak (melded)
 K - a +2 hat (melded)
 P - +0 acid dragon scales (worn)
 Q - the +18 shield of the Gong (worn) {Loud rN+ Will+ rCorr EV-5}
   (You found it on level 8 of the Dungeon)

   Loud:      It is deafeningly noisy when blocking attacks.
   EV-5:      It affects your evasion (-5).
   rN+:       It protects you from negative energy.
   Will+:     It increases your willpower.
   rCorr:     It protects you from acid and corrosion.
Jewellery
 m - a ring of fire
 o - a ring of flight
 q - a ring of protection from cold
 u - a ring of see invisible
 E - a ring of protection from cold
 R - a +4 ring of slaying (right hand)
 S - a +6 ring of strength (left hand)
Talismans
 c - a beast talisman (active)
 H - a maw talisman
Wands
 w - a wand of roots (26)
 x - a wand of flame (34)
 D - a wand of mindburst (11)
 W - a wand of acid (2)
Scrolls
 d - a scroll of acquirement
 i - 6 scrolls of fog
 n - a scroll of vulnerability
 p - 2 scrolls of revelation
 r - a scroll of blinking
 v - 4 scrolls of enchant weapon
 B - a scroll of fear
 C - a scroll of brand weapon
 J - 3 scrolls of teleportation
 N - a scroll of torment
 Y - a scroll of identify
Potions
 a - a potion of attraction
 b - 3 potions of lignification
 e - 3 potions of resistance
 g - 2 potions of might
 h - a potion of invisibility
 j - a potion of enlightenment
 k - 6 potions of curing
 A - 2 potions of ambrosia
 M - a potion of mutation
 V - 2 potions of cancellation
 X - a potion of haste


   Skills:
 + Level 5.5 Fighting
 * Level 12.9 Maces & Flails
 - Level 3.0 Throwing
 - Level 3.0 Armour
 - Level 3.0 Dodging
 - Level 3.0 Stealth
 - Level 3.0 Shields
 - Level 3.0 Unarmed Combat
 - Level 6.0 Invocations
 - Level 3.0 Evocations
 - Level 7.0 Shapeshifting


You had 10 spell levels left.
You didn't know any spells.
Your spell library contained the following spells:

 Spells                   Type           Power      Damage    Failure   Level
 Sandblast                Erth           0%         2d4       50%         1
 Blink                    Tloc           0%         N/A       63%         2
 Lesser Beckoning         Tloc           0%         N/A       63%         2
 Momentum Strike          Conj/Tloc      0%         3d8       63%         2
 Passwall                 Alch/Erth      0%         N/A       63%         2
 Stone Arrow              Conj/Erth      0%         3d7       86%         3
 Brom's Barrelling Bould  Conj/Erth      0%         2d3       99%         4


Dungeon Overview and Level Annotations

Branches:
Dungeon (13/15)            Temple (1/1) D:5            Lair (0/5) D:8
    Orc (0/2) D:11
 Vaults: D:13-14

Altars:
Ashenzari
Cheibriados
Dithmenos
Fedhas
Gozag
Hepliaklqana
Kikubaaqudgha
Makhleb
Nemelex Xobeh
Okawaru
Qazlal
Ru
Sif Muna
Trog
Uskayaw
Vehumet
Wu Jian
Xom
Yredelemnul

Shops:
D:5 =:!   D:8 [


Innate Abilities, Weirdness & Mutations

You are a hulking beast.
Your limbs bulge with bestial killing power. (Slay +4)
A meltable icy envelope protects you from harm. (AC +0)
When hurt, damage is shared between your health and your magic reserves.
You regenerate magic rapidly.
Your movements are less encumbered by armour. (ER -4)
A meltable shield of frost defends you. (SH +0)
You have a small tail.


Message History

The bolt of electricity hits you but does no damage.
You resist.
You miss the electric eel.
The deep elf pyromancer points at you and mumbles some strange words.
The bolt of fire hits you!!
Your icy defences dissipate!
* * * LOW HITPOINT WARNING * * *
The deep elf pyromancer casts a spell.
The deep elf pyromancer blinks!
You bludgeon the electric eel!!
Your hammer of Fedhas's Approval cheers you on.
You kill the electric eel!
Trog accepts your kill.
You hear a splash.
You hear a shout!
A centaur comes into view.
The deep elf pyromancer casts a spell.
You bludgeon the deep elf pyromancer!!
Your tail-slap misses the deep elf pyromancer.
The deep elf pyromancer is severely wounded.
The centaur wields a +0 orcbow of draining.
You sense an unholy aura.
The centaur shoots an arrow.
The arrow hits you!
* * * LOW HITPOINT WARNING * * *
You partially resist.
You feel drained.
You block the deep elf pyromancer's attack.
BONNNG!
The centaur shoots an arrow.
SHROANNG!
You block the arrow.
You miss the deep elf pyromancer.
The deep elf pyromancer is severely wounded.
The centaur shoots an arrow.
BONNNG!
You block the arrow. The fire elemental hits you. The fire elemental burns you!
* * * LOW HITPOINT WARNING * * *
You block the fire elemental's attack.
GONNNNG!
You block the deep elf pyromancer's attack.
GONNNNG!
The centaur shoots an arrow.
The arrow hits you!
You die...

≈........≈≈≈≈≈≈......<....
.........≈≈##≈≈...........
.........≈####≈...........
.........≈####≈...........
.........≈≈##≈≈..####.....
.........≈≈≈≈≈≈..# ###...
.................# ...
........E........# ...
#......○eh.......#
#......○E........#
#................#####
####..................
#..##..............
....................
#.##........≈≈≈≈≈≈..
....#.....c.≈≈##≈≈..
..#.......≈## #≈..


You could see a deep elf pyromancer, 2 fire elementals and a centaur.

Vanquished Creatures
  A centaur warrior (D:11)
  3 two-headed ogres
  A manticore (D:13)
  A cyclops (D:9)
  A gargoyle (D:12)
  Maggie (D:8)
  3 unseen horrors
  A komodo dragon (D:12)
  4 kobold demonologists (D:10)
  Psyche (D:8)
  A troll (D:11)
  3 slime creatures (D:13)
  2 wraiths (D:12)
  A shadow (D:13)
  A vampire (D:11)
  A water elemental (D:13)
  A yak (shapeshifter) (D:13)
  3 wyverns
  3 steam dragons
  5 yaks (D:10)
  3 water moccasins
  3 acid dragons
  2 orc warriors
  2 black bears
  4 sky beasts
  12 centaurs
  2 phantoms
  5 kobold brigands
  2 bullfrogs
  A gnoll sergeant (D:8)
  6 scorpions
  17 wights
  7 killer bees
  An electric eel (D:13)
  8 howler monkeys
  A hound (D:5)
  2 jellies
  3 orc priests
  Crazy Yiuf (D:2)
  6 iguanas
  10 orc wizards
  Ijyb (D:4)
  3 gnolls (D:8)
  10 adders
  A white imp (D:7)
  A dart slug (D:2)
  30 orcs
  7 bats
  4 endoplasms
  A giant cockroach (D:3)
  8 goblins
  5 hobgoblins
  13 jackals
  5 quokkas
  3 ball pythons
  3 frilled lizards
  14 kobolds
  5 rats
250 creatures vanquished.

Notes
Turn   | Place    | Note
-------+----------+-------------------------------------------
     0 | D:1      | IdlyInterested the Demonspawn Shapeshifter began the quest
                  | for the Orb.
     0 | D:1      | Reached XP level 1. HP: 15/15 MP: 1/1
   339 | D:1      | Gained mutation: You regenerate magic rapidly. [demonic
                  | ancestry]
   339 | D:1      | Reached XP level 2. HP: 21/21 MP: 2/2
  1095 | D:2      | Gained mutation: A meltable shield of frost defends you.
                  | (SH +0) [demonic ancestry]
  1095 | D:2      | Reached XP level 3. HP: 26/26 MP: 3/3
  1239 | D:2      | Found a runed translucent door.
  1240 | D:2      | Noticed Crazy Yiuf
  1267 | D:2      | Reached XP level 4. HP: 33/33 MP: 4/4
  2016 | D:2      | Killed Crazy Yiuf
  2021 | D:2      | Identified the +9 hammer of Fedhas's Approval {heavy,
                  | *Noise rElec Int+6 Stlth-}
  2211 | D:3      | Gained mutation: You have a small tail. [demonic ancestry]
  2211 | D:3      | Reached XP level 5. HP: 33/39 MP: 5/5
  2933 | D:4      | Noticed Ijyb
  2952 | D:4      | Killed Ijyb
  3191 | D:4      | Gained mutation: When hurt, damage is shared between your
                  | health and your magic reserves. [demonic ancestry]
  3191 | D:4      | Reached XP level 6. HP: 47/47 MP: 6/6
  3202 | D:4      | Reached skill level 5 in Shapeshifting
  3786 | D:5      | Entered Level 5 of the Dungeon
  3786 | D:5      | Found a sacrificial altar of Ru.
  3939 | D:5      | Found a staircase to the Ecumenical Temple.
  3946 | Temple   | Entered the Ecumenical Temple
  3958 | Temple   | Became a worshipper of Trog the Wrathful
  4019 | D:5      | Found an opulent altar of Gozag.
  4021 | D:5      | Identified the ring of Eclaf {Wiz Str+2 Dex-3 Stlth+}
  4174 | D:5      | Gained mutation: Your movements are slightly less
                  | encumbered by armour. (ER -2) [demonic ancestry]
  4174 | D:5      | Reached XP level 7. HP: 36/52 MP: 7/7
  4338 | D:5      | Found Cyodet's Distillery.
  4345 | D:5      | Found Nyrr's Book Boutique.
  4347 | D:5      | Found Ydoudy's Jewellery Shop.
  4374 | D:5      | Reached skill level 1 in Stealth
  5139 | D:5      | Bought a potion of heal wounds for 55 gold pieces
  5139 | D:5      | Bought a potion of resistance for 110 gold pieces
  5139 | D:5      | Bought a potion of mutation for 88 gold pieces
  5139 | D:5      | Bought a potion of degeneration for 11 gold pieces
  5370 | D:6      | Reached XP level 8. HP: 28/58 MP: 3/8
  5378 | D:6      | Reached * piety under Trog
  5646 | D:6      | Reached skill level 1 in Maces & Flails
  5649 | D:6      | Reached skill level 1 in Evocations
  5692 | D:6      | Reached skill level 2 in Maces & Flails
  5766 | D:6      | Reached skill level 3 in Maces & Flails
  5963 | D:5      | Bought a potion of ambrosia for 88 gold pieces
  6035 | D:7      | Reached skill level 4 in Maces & Flails
  6046 | D:7      | Reached skill level 1 in Throwing
  6147 | D:7      | Reached skill level 5 in Maces & Flails
  6157 | D:7      | Reached XP level 9. HP: 17/63 MP: 7/9
  6361 | D:7      | Reached skill level 6 in Maces & Flails
  6491 | D:7      | Reached skill level 1 in Invocations
  6491 | D:7      | Reached ** piety under Trog
  6796 | D:7      | Reached skill level 7 in Maces & Flails
  6968 | D:8      | Noticed Maggie
  6981 | D:8      | Killed Maggie
  7024 | D:8      | HP: 2/63 [wyvern (5)]
  7029 | D:8      | Reached skill level 1 in Shields
  7043 | D:8      | Reached skill level 8 in Maces & Flails
  7043 | D:8      | Found Ucaff's Armour Emporium.
  7544 | D:8      | Found a staircase to the Lair.
  7580 | D:8      | Found the +18 shield of the Gong {Loud rN+ Will+ rCorr
                  | EV-5}
  7648 | D:8      | Gained mutation: A meltable icy envelope protects you from
                  | harm. (AC +0) [demonic ancestry]
  7648 | D:8      | Reached XP level 10. HP: 67/70 MP: 12/12
  7894 | D:8      | Noticed Psyche
  7902 | D:8      | Killed Psyche
  8116 | D:8      | Identified the +0 falchion "Brush" {elec, rElec Str-2
                  | Int+6}
  8381 | D:9      | Identified a scroll of acquirement
  8682 | D:9      | Noticed a cyclops
  8692 | D:9      | Killed a cyclops
  8693 | D:9      | Reached skill level 9 in Maces & Flails
  8720 | D:9      | Found a sparkling altar of Nemelex Xobeh.
  9045 | D:10     | Entered Level 10 of the Dungeon
  9045 | D:10     | Noticed a two-headed ogre
  9050 | D:10     | Killed a two-headed ogre
  9063 | D:10     | Noticed an orange demon
  9064 | D:10     | Reached skill level 10 in Maces & Flails
  9077 | D:10     | Noticed an orange demon
  9174 | D:10     | Noticed a two-headed ogre
  9181 | D:10     | Killed a two-headed ogre
  9202 | D:10     | Reached *** piety under Trog
  9242 | D:10     | Gained mutation: Your movements are less encumbered by
                  | armour. (ER -4) [demonic ancestry]
  9242 | D:10     | Reached XP level 11. HP: 68/75 MP: 14/14
  9521 | D:10     | Reached skill level 11 in Maces & Flails
  9601 | D:10     | Reached skill level 5 in Invocations
 10047 | D:11     | Found a staircase to the Orcish Mines.
 10324 | D:11     | Noticed a centaur warrior
 10345 | D:11     | Killed a centaur warrior
 10950 | D:12     | Reached skill level 12 in Maces & Flails
 11619 | D:12     | Noticed a two-headed ogre
 11629 | D:12     | Killed a two-headed ogre
 11630 | D:12     | Reached skill level 5 in Fighting
 11812 | D:13     | Reached **** piety under Trog
 11876 | D:13     | Noticed a deep elf pyromancer
 11895 | D:13     | Shot with an arrow by a centaur

Illustrated notes

Levels and vault maps discovered:
D:1:      erik_arrival_triangle_small, layout_loops_corners
D:2:      layout_basic, uniq_crazy_yiuf_cottage
D:3:      kennysheep_six_static_rooms, layout_basic
D:4:      layout_basic, nicolae_half_adder, uniq_ijyb
D:5:      layout_loops_cross, amcnicky_altar_gilded,
          mainiacjoe_overflow_small_starburst, minmay_temple_entry_mist,
          nicolae_wooded_promenade, eino_tiny_chamber, chequers_jeans,
          minmay_stone_trees_large
D:6:      layout_basic, nicolae_letterblocks [nicolae_letter_subblock,
          nicolae_letter_subblock, nicolae_letter_subblock,
          nicolae_letter_subblock, nicolae_letter_subblock,
          nicolae_letter_subblock, nicolae_letter_subblock,
          nicolae_letter_subblock, nicolae_letter_subblock,
          nicolae_letter_subblock, nicolae_letter_subblock,
          nicolae_letter_subblock, nicolae_letter_subblock,
          nicolae_letter_subblock, nicolae_letter_subblock,
          nicolae_letter_subblock, nicolae_letter_subblock,
          nicolae_letter_subblock, nicolae_letter_subblock,
          nicolae_letter_subblock, nicolae_letter_subblock,
          nicolae_letter_subblock, nicolae_letter_subblock,
          nicolae_letter_subblock, nicolae_letter_subblock]
D:7:      layout_basic, hangedman_misty_isle
D:8:      layout_loops_ring, lair_entry_dummy, serial_shops, shop,
          patterned_corridor, uniq_psyche, uniq_maggie
D:9:      layout_basic, nemelex_spade_bored_becter, serial_corexii_hall,
          chequers_hall_statues_wall_a, corexii_hall_statues_x
D:10:     layout_roguey, hangedman_abyss_or_decor_lesser_grid
D:11:     layout_basic, orc_0_dummy
D:12:     layout_basic
D:13:     nicolae_moon_pools, layout_irregular_city, evilmike_ruin_ashenzari
Temple:   hellmonk_temple_of_storms

Skill      XL: |  1  2  3  4  5  6  7  8  9 10 11 |
---------------+----------------------------------+-----
Unarmed Combat | 3 |  3.0
Shapeshifting  | 3 4 5 6 7 |  7.0
Fighting       | 2 3 5 |  5.5
Dodging        | 2 3 |  3.0
Stealth        | 2 3 |  3.0
Maces & Flails | 5 8 10 12 | 12.9
Evocations     | 3 |  3.0
Throwing       | 1 3 |  3.0
Invocations    | 3 4 6 |  6.0
Shields        | 2 3 |  3.0
Armour         | 3 |  3.0

Action                     |  1- 3 |  4- 6 |  7- 9 | 10-12 || total
---------------------------+-------+-------+-------+-------++-------
  Melee: Unarmed           |    99 |   174 |    91 |       ||   364
         Punch             |     3 |     1 |       |       ||     4
         Tailslap          |       |    13 |    29 |    57 ||    99
         Mace              |       |       |    69 |    10 ||    79
         Dire flail        |       |       |    80 |       ||    80
         Morningstar       |       |       |    12 |   261 ||   273
  Throw: Stone             |       |     2 |     7 |    44 ||    53
         Dart              |       |       |     3 |     2 ||     5
  Evoke: Wand              |       |       |     1 |     3 ||     4
    Use: Potion            |     1 |     7 |     3 |     1 ||    12
         Scroll            |       |     6 |     3 |     7 ||    16
   Stab: Sleeping          |       |       |       |     3 ||     3
 Armour: Ring mail         |    57 |    53 |       |       ||   110
         Scale mail        |       |    98 |    27 |       ||   125
         Chain mail        |       |       |    47 |       ||    47
         Plate armour      |       |       |   131 |       ||   131
         Acid dragon scale |       |       |     8 |    96 ||   104
  Dodge: Dodged            |    45 |   108 |    95 |    16 ||   264
  Block: Other             |     1 |     1 |     5 |       ||     7
         Kite shield       |       |       |    12 |   398 ||   410
   Form: Beast             |       |     2 |     1 |       ||     3
                           |       |     1 |     1 |       ||     2

Table legend: (Time is in decaauts)
 A = Elapsed time spent in this place.
 B = Non-inter-level travel time spent in this place.
 C = Inter-level travel time spent in this place.
 D = Time resting spent in this place.
 E = Time spent auto-exploring this place.
 F = Levels seen in this place.
 G = Mean time per level.
                   A        B        C        D        E       F      G
               +--------+--------+--------+--------+--------+-----+--------+
         Total |  12188 |  11538 |    650 |   1724 |   7257 |  14 |  870.6 |
       Dungeon |  12166 |  11527 |    639 |   1724 |   7257 |  13 |  935.8 |
        Temple |     21 |     10 |     11 |      0 |      0 |   1 |   21.0 |
               +--------+--------+--------+--------+--------+-----+--------+

Top non-repeatable levels by time:
     D:5: 1464 daAuts
     D:8: 1327 daAuts
     D:2: 1126 daAuts
    D:11: 1031 daAuts
     D:1: 1017 daAuts
     D:7: 991 daAuts
     D:4: 936 daAuts
    D:12: 869 daAuts
     D:6: 848 daAuts
    D:10: 844 daAuts
     D:3: 820 daAuts
     D:9: 790 daAuts
    D:13: 98 daAuts
  Temple: 21 daAuts
